 Dungeon Crawl Stone Soup version 0.28.0-53-g5a82cb258f (webtiles) character file.

Game seed: 11838690188557712155

6454 boopmooplesden the Carver (level 10, 0/88 HPs)
             Began as a Minotaur Fighter on June 21, 2022.
             Was a Believer of Trog.
             Slain by a hornet (10 damage)
             ... on level 7 of the Dungeon on June 22, 2022.
             The game lasted 00:09:54 (7956 turns).

boopmooplesden the Carver (Minotaur Fighter)        Turns: 7956, Time: 00:09:55

Health: 0/88       AC:  8    Str: 32    XL:     10   Next: 67%
Magic:  9/9        EV: 13    Int:  9    God:    Trog [**....]
Gold:   358        SH: 16    Dex: 17    Spells: 9/9 levels left

rFire   . . .      SeeInvis .   C - +0 scimitar (flame)
rCold   . . .      Faith    +   p - +0 tower shield
rNeg    . . .      Spirit   .   l - +4 robe of Augmentation {Str+4 Int+4 Dex+4}
rPois   .          Reflect  .   i - +2 hat {Will+}
rElec   .          Harm     .   d - +0 cloak
rCorr   .          Rampage  .   (no gloves)
Will    +++..                   r - +2 pair of boots
Stlth   +++.......              g - amulet of faith
HPRegen 1.24/turn               s - +6 ring of strength
MPRegen 0.11/turn               (no ring)

@: strong-willed, corroded, on berserk cooldown, regenerating, slowed, very slow
A: horns 2, retaliatory headbutt
a: Renounce Religion, Berserk, Trog's Hand


You were on level 7 of the Dungeon.
You worshipped Trog.
Trog was pleased with you.
You visited 1 branch of the dungeon, and saw 8 of its levels.

You collected 425 gold pieces.
You spent 67 gold pieces at shops.

Inventory:

Hand Weapons
 a - a +1 long sword
 C - a +0 scimitar of flaming (weapon)
Armour
 d - a +0 cloak (worn)
 e - a +1 chain mail
 i - a +2 hat of willpower (worn)
 k - the +0 scale mail of Slovenliness {Regen+ Int+5}
   (You found it on level 3 of the Dungeon)

   Int:       It affects your intelligence (+5).
   Regen:     It increases your rate of health regeneration.
 l - the +4 robe of Augmentation (worn) {Str+4 Int+4 Dex+4}
   (You found it on level 2 of the Dungeon)

   Str:       It affects your strength (+4).
   Int:       It affects your intelligence (+4).
   Dex:       It affects your dexterity (+4).
 p - a +0 tower shield (worn)
 r - a +2 pair of boots (worn)
Jewellery
 g - an amulet of faith (around neck)
 s - a +6 ring of strength (left hand)
Wands
 m - a wand of iceblast (8)
 q - a wand of mindburst (22)
 y - a wand of flame (19)
Scrolls
 c - a scroll of amnesia {unknown}
 f - a scroll of summoning {unknown}
 h - 8 scrolls of identify
 n - a scroll of teleportation
 o - a scroll of holy word
 u - a scroll of enchant armour
 w - a scroll of vulnerability {unknown}
Potions
 b - a potion of invisibility {unknown}
 j - 3 potions of curing {unknown}
 t - a potion of lignification {unknown}
 v - 2 potions of flight {unknown}
 x - a potion of cancellation {unknown}
 z - a potion of mutation {unknown}
 A - a potion of magic {unknown}
 B - a potion of haste


   Skills:
 + Level 8.1 Fighting
 + Level 12.3 Long Blades
 + Level 5.2 Armour
 + Level 7.7 Dodging
 + Level 3.6 Stealth
 + Level 9.0 Shields


You had 9 spell levels left.
You didn't know any spells.
Your spell library contained the following spells:

 Spells                   Type           Power      Damage    Failure   Level
 Sublimation of Blood     Necr           0%         N/A       99%         2
 Petrify                  Tmut/Erth      0%         N/A       100%        4
 Irradiate                Conj/Tmut      0%         3d13      100%        5


Dungeon Overview and Level Annotations

Branches:
Dungeon (8/15)             Temple (0/1) D:6            Lair (0/6) D:8

Altars:
Dithmenos
Fedhas
Gozag
Hepliaklqana
Okawaru
Trog
Vehumet
Zin
The Shining One

Shops:
D:4 *   D:5 *   D:7 *


Innate Abilities, Weirdness & Mutations

You have a pair of horns on your head.
You reflexively headbutt those who attack you in melee.


Message History

The centaur wields a +0 shortbow.
The centaur shoots an arrow.
The arrow hits you but does no damage.
Things that are here:
a +0 spear; a +0 scale mail The centaur shoots an arrow.
You block the arrow.
There is an open door here.
You hit the jelly but do no damage. The acid corrodes you!
Your hands burn!
You headbutt the jelly.
The jelly is lightly wounded.
You block the jelly's attack. The hornet closely misses you.
You furiously retaliate!
You headbutt the hornet. You block the jelly's attack.
A six-headed hydra comes into view.
The centaur unwields a +0 shortbow.
The centaur hits you.
The centaur kicks you but does no damage.
You block the hornet's attack.
The deep elf pyromancer mumbles some strange words.
The deep elf pyromancer blinks!
You block the hornet's attack. x2
The hornet stings you!
* * * LOW HITPOINT WARNING * * *
You feel as though you will be slow longer.
There is a stone staircase leading up here.
You block the hornet's attack. The jelly hits you but does no damage.
You block the hornet's attack. You block the jelly's attack.
You climb upwards.
There is a stone staircase leading down here.
Okay, then.
Your skin crawls.
You feel strong-willed. The hornet stings you.
* * * LOW HITPOINT WARNING * * *
You feel as though you will be slow longer.
You block the jelly's attack. The hornet stings you!
* * * LOW HITPOINT WARNING * * *
You feel as though you will be slow longer.
You slash the hornet! You burn the hornet.
The hornet is heavily wounded.
You block the hornet's attack. The jelly hits you but does no damage.
The hornet stings you!
You die...

#..#...# ##.#...#
##.#...# #......#
#......# #......#
#......# #.....J#
#....@y# #####.##
#.# #.#
################.#
#................#
#[####..##########
#.# #..#### #.#
#.....#


You could see a hornet and a jelly.

Vanquished Creatures
  A two-headed ogre (D:8)
  A tengu warrior (D:8)
  Pikel (D:8)
  An ugly thing (D:8)
  A cyclops (D:7)
  An efreet (D:8)
  2 slime creatures (D:8)
  Sigmund (D:2)
  A basilisk (D:8)
  An acid dragon (D:8)
  3 water moccasins (D:8)
  A sky beast (D:6)
  2 orc warriors
  An ice beast (D:8)
  4 black bears
  A necrophage (D:5)
  An ogre (D:4)
  2 centaurs
  A lemure (D:8)
  A kobold brigand (D:8)
  3 bullfrogs
  2 wyvern zombies
  A scorpion (D:5)
  2 gnoll sergeants (D:8)
  A wyvern skeleton (D:5)
  3 killer bees (D:8)
  4 wights
  A howler monkey (D:8)
  6 hounds
  4 centaur zombies
  2 centaur skeletons
  2 iguanas
  3 orc wizards
  2 hound zombies (D:5)
  2 howler monkey zombies
  3 gnolls (D:6)
  8 adders
  A shadow imp (D:7)
  2 white imps
  4 worms
  2 dart slugs
  10 orcs
  3 ball pythons (D:1)
  11 endoplasms
  5 giant cockroaches
  9 goblins
  6 hobgoblins
  3 jackals (D:1)
  4 quokkas
  9 bats
  4 frilled lizards
  3 kobolds
  3 rats (D:1)
156 creatures vanquished.

Vanquished Creatures (others)
  An orc wizard (D:2)
  4 plants (D:5)
5 creatures vanquished.

Grand Total: 161 creatures vanquished

Notes
Turn   | Place    | Note
-------+----------+-------------------------------------------
     0 | D:1      | boopmooplesden the Minotaur Fighter began the quest for the
                  | Orb.
     0 | D:1      | Reached XP level 1. HP: 19/19 MP: 0/0
   139 | D:1      | Reached XP level 2. HP: 26/27 MP: 1/1
   641 | D:1      | Reached skill level 3 in Long Blades
   682 | D:1      | Found a faded altar of an unknown god.
   816 | D:1      | Reached XP level 3. HP: 30/33 MP: 2/2
  1000 | D:2      | Reached skill level 4 in Long Blades
  1000 | D:2      | Reached XP level 4. HP: 31/40 MP: 3/3
  1507 | D:2      | Found the +4 robe of Augmentation {Str+4 Int+4 Dex+4}
  1512 | D:2      | Noticed Sigmund
  1541 | D:2      | Killed Sigmund
  1542 | D:2      | Reached skill level 5 in Long Blades
  1542 | D:2      | Reached XP level 5. HP: 19/46 MP: 4/4
  1792 | D:2      | Reached XP level 6. HP: 52/52 MP: 5/5
  1957 | D:2      | Found a hazy altar of Hepliaklqana.
  1976 | D:2      | Reached skill level 5 in Armour
  2562 | D:3      | Identified the +0 scale mail of Slovenliness {Regen+ Int+5}
  3018 | D:4      | Reached skill level 6 in Long Blades
  3127 | D:4      | Reached skill level 1 in Dodging
  3127 | D:4      | Reached skill level 5 in Shields
  3142 | D:4      | Found Dogok's Assorted Antiques.
  3293 | D:4      | Reached XP level 7. HP: 56/60 MP: 6/6
  3346 | D:4      | Found a bloodstained altar of Trog.
  3346 | D:4      | Found a radiant altar of Vehumet.
  3346 | D:4      | Found a blossoming altar of Fedhas.
  3350 | D:4      | Found a glowing golden altar of the Shining One.
  3355 | D:4      | Found a glowing silver altar of Zin.
  3358 | D:4      | Found a shadowy altar of Dithmenos.
  3369 | D:4      | Became a worshipper of Trog the Wrathful
  3387 | D:4      | Reached skill level 7 in Long Blades
  3387 | D:4      | Reached skill level 1 in Stealth
  3608 | D:4      | Found an opulent altar of Gozag.
  3609 | D:4      | Found an iron altar of Okawaru.
  4024 | D:4      | Identified a scroll of acquirement
  4024 | D:4      | Acquired a +2 hat of willpower
  4058 | D:5      | Entered Level 5 of the Dungeon
  4133 | D:5      | Found Yzxeguam's Assorted Antiques.
  4215 | D:5      | Reached skill level 5 in Fighting
  4288 | D:5      | Reached skill level 8 in Long Blades
  4288 | D:5      | Reached XP level 8. HP: 68/68 MP: 7/7
  4308 | D:5      | Reached * piety under Trog
  4860 | D:6      | Found a staircase to the Ecumenical Temple.
  4965 | D:6      | Reached skill level 9 in Long Blades
  5458 | D:7      | Found Niuwaiff's Mass Market.
  5467 | D:7      | Bought a +0 tower shield for 67 gold pieces
  5659 | D:7      | Noticed a cyclops
  5665 | D:7      | Killed a cyclops
  5666 | D:7      | Reached skill level 10 in Long Blades
  5666 | D:7      | Reached XP level 9. HP: 74/78 MP: 8/8
  6143 | D:8      | Reached ** piety under Trog
  6241 | D:8      | Noticed Pikel
  6254 | D:8      | Reached skill level 5 in Dodging
  6258 | D:8      | Killed Pikel
  6259 | D:8      | Reached skill level 11 in Long Blades
  6653 | D:8      | Found a staircase to the Lair.
  7126 | D:8      | Noticed an efreet
  7131 | D:8      | Killed an efreet
  7132 | D:8      | Reached XP level 10. HP: 75/86 MP: 9/9
  7166 | D:8      | Noticed a brown ugly thing
  7173 | D:8      | Killed a brown ugly thing
  7388 | D:8      | Noticed a boulder beetle
  7388 | D:8      | Noticed a tengu warrior
  7404 | D:8      | Killed a tengu warrior
  7405 | D:8      | Reached skill level 12 in Long Blades
  7922 | D:8      | Noticed a two-headed ogre
  7931 | D:8      | Killed a two-headed ogre
  7944 | D:8      | Noticed a deep elf pyromancer
  7949 | D:8      | Noticed a six-headed hydra
  7956 | D:7      | Slain by a hornet

Illustrated notes

Levels and vault maps discovered:
D:1:      nzn_arrival_depleted_hourglass, layout_loops_ring,
          basic_ecumenical_altar, minmay_pentomino_v2
D:2:      layout_basic, serial_rivers, chequers_serial_rivers_room_b,
          chequers_serial_rivers_micro_b, chequers_serial_rivers_small_b,
          chequers_serial_rivers_micro_b, chequers_serial_rivers_small_a,
          chequers_serial_rivers_marsh, basic_altar, minmay_misc_feat_columns,
          uniq_sigmund
D:3:      layout_basic
D:4:      layout_basic, nicolae_overflow_hallway_of_the_gods, serial_shops,
          nicolae_diamond_shop, feat_on_display
D:5:      layout_rooms, serial_shops, nicolae_shop_overgrown_old_shop
D:6:      layout_loops_corners, minmay_temple_entry_sparse_star
D:7:      layout_basic, minmay_shop_mass
D:8:      nzn_winding_woodlands_stair_cross
          [nzn_winding_woodlands_5x15_sawtooth,
          nzn_winding_woodlands_center_pierced_h,
          nzn_winding_woodlands_5x15_sidewinder,
          nzn_winding_woodlands_5x5_three, nzn_winding_woodlands_5x5_open_star,
          nzn_winding_woodlands_5x15_jagged, nzn_winding_woodlands_center_lodge,
          nzn_winding_woodlands_5x15_default], layout_basic, uniq_pikel

Skill      XL: |  1  2  3  4  5  6  7  8  9 10 |
---------------+-------------------------------+-----
Shields        | 4 5 6 7 9 |  9.0
Long Blades    | 3 4 5 6 8 10 11 12 | 12.3
Armour         | 4 5 |  5.2
Fighting       | 4 5 6 7 8 |  8.1
Dodging        | 1 3 4 5 7 |  7.7
Stealth        | 1 2 3 |  3.6

Action                   |  1- 3 |  4- 6 |  7- 9 | 10-12 || total
-------------------------+-------+-------+-------+-------++-------
Melee: Long sword        |    68 |    95 |   204 |       ||   367
       Headbutt          |     8 |    17 |    35 |    14 ||    74
       Scimitar          |       |       |       |    63 ||    63
Invok: Berserk           |       |       |     2 |     2 ||     4
       Trog's Hand       |       |       |       |     1 ||     1
  Use: Potion            |     1 |       |       |     1 ||     2
       Scroll            |       |     6 |     5 |       ||    11
 Stab: Sleeping          |       |     1 |     4 |     1 ||     6
Armor: Chain mail        |    54 |    14 |       |       ||    68
       Robe              |       |    34 |    75 |    32 ||   141
Dodge: Dodged            |    27 |    49 |   120 |    29 ||   225
Block: Buckler           |    25 |    25 |    43 |       ||    93
       Tower shield      |       |       |    75 |    68 ||   143
